 Dungeon Crawl Stone Soup version 0.27-a0-1548-gf8a67e7463 (webtiles) character file.

Game seed: 7269541474713483878

371 tilp the Caller (level 6, 0/48 HPs)
             Began as a Barachi Summoner on July 13, 2021.
             Was an Initiate of Okawaru.
             Slain by an orc priest (19 damage)
             ... on level 5 of the Dungeon.
             The game lasted 00:05:58 (6898 turns).

tilp the Caller (Barachi Summoner)                  Turns: 6898, Time: 00:05:59

Health: 0/48       AC:  3    Str: 11    XL:     6   Next: 71%
Magic:  10/10      EV: 13    Int: 15    God:    Okawaru [......]
Gold:   230        SH:  0    Dex: 13    Spells: 5/11 levels left

rFire    . . .     SeeInvis .   a - +0 dagger (venom)
rCold    . . .     Faith    .   (no shield)
rNeg     . . .     Spirit   .   f - +1 robe
rPois    .         Reflect  .   (no helmet)
rElec    .         Harm     .   (no cloak)
rCorr    .         Rampage  .   (no gloves)
Will     .....                  (no boots)
Stlth    ++........             (no amulet)
HPRegen  0.16/turn              e - ring of wizardry
MPRegen  0.12/turn              (no ring)

@: slow
A: amphibious, slowness 1, strong legs 1, +LOS
a: Hop, Renounce Religion


You were on level 5 of the Dungeon.
You worshipped Okawaru.
Okawaru was noncommittal.
You visited 2 branches of the dungeon, and saw 6 of its levels.

You collected 230 gold pieces.

Inventory:

Hand Weapons
 a - a +0 dagger of venom (weapon)
 b - a +0 flail
Missiles
 g - 11 curare-tipped darts
 k - 8 atropa-tipped darts
Armour
 f - a +1 robe (worn)
Jewellery
 e - a ring of wizardry (left hand)
Scrolls
 j - a scroll of identify {unknown}
 l - a scroll of blinking
 m - a scroll of enchant weapon {unknown}
Potions
 c - a potion of magic {unknown}
 d - a potion of attraction {unknown}
 h - 2 potions of lignification {unknown}
 i - a potion of mutation {unknown}


   Skills:
 - Level 4.0 Fighting
 - Level 4.0 Dodging
 + Level 3.4 Stealth
 - Level 3.0 Spellcasting
 - Level 6.0 Summonings


You had 5 spell levels left.
You knew the following spells:

 Your Spells              Type           Power      Damage    Failure   Level
a - Summon Small Mammal   Summ           80%        N/A       1%          1
b - Call Imp              Summ           20%        N/A       1%          2
c - Call Canine Familiar  Summ           20%        N/A       1%          3

Your spell library contained the following spells:

 Spells                   Type           Power      Damage    Failure   Level
 Summon Guardian Golem    Hex/Summ       11%        N/A       7%          3
 Foxfire                  Conj/Fire      8%         2x1d4     9%          1
 Freeze                   Ice            8%         1d3       9%          1
 Sandblast                Erth           4%         2d4       9%          1
 Passwall                 Tmut/Erth      1%         N/A       12%         2
 Summon Lightning Spire   Summ/Air       11%        N/A       22%         4
 Conjure Flame            Conj/Fire      2%         6-21      24%         3
 Frozen Ramparts          Ice            4%         1d2       24%         3
 Gell's Gravitas          Tloc           1%         N/A       24%         3
 Inner Flame              Hex/Fire       2%         N/A       24%         3
 Lesser Beckoning         Tloc           1%         N/A       24%         3
 Teleport Other           Tloc           2%         N/A       24%         3
 Hailstorm                Conj/Ice       2%         3d3       58%         4
 Lee's Rapid Deconstruct  Erth           1%         3d5*      89%         5


Dungeon Overview and Level Annotations

Branches:
Dungeon (5/15)             Temple (1/1) D:5

Altars:
Ashenzari
Cheibriados
Fedhas
Gozag
Kikubaaqudgha
Makhleb
Nemelex Xobeh
Okawaru
Sif Muna
Trog
Uskayaw
Wu Jian
Xom
Zin
The Shining One

Annotations:
D:5 exclusion: ice beast


Innate Abilities, Weirdness & Mutations

You are amphibious.
You cover ground slowly.
You can hop short distances.
You have an extended range of vision and can be seen from far away.


Message History

The adder skeleton bites your hound but does no damage.
Your hound bites the adder skeleton.
You hit the adder skeleton.
You destroy the adder skeleton!
Okawaru accepts your kill.
Training target 4.0 for Dodging reached!
Your Dodging skill increases to level 4!
Unknown command.
No target in view!
Your +0 dagger of venom begins to drip with poison!
a - a +0 dagger of venom (weapon)
Your hound disappears in a puff of smoke!
Magic restored.
An orc priest is nearby!
No target in view!
The orc priest shouts!
The orc priest mumbles some strange prayers to Beogh against you.
Beogh smites you!
The orc priest calls down the wrath of Beogh upon you.
You barely resist.
The orc priest shouts!
The orc priest invokes the aid of Beogh against you.
Beogh smites you!
The orc priest hits you with a +0 short sword.
You are too injured to fight recklessly!
You are too injured to fight recklessly!
Unknown command.
You are too injured to fight recklessly!
You hit the orc priest.
The orc priest is poisoned.
The orc priest is moderately wounded.
The orc priest barely misses you.
The orc priest hits you with a +2 dagger of electrocution.
Unknown command.
You hit the orc priest.
The orc priest is heavily wounded.
The orc priest looks satisfied for a moment.
The orc priest hits you with a +2 dagger of electrocution.
* * * LOW HITPOINT WARNING * * *
You are electrocuted!!
You die...

o...≈≈≈≈≈≈≈≈≈....##.##.# .....
..≈≈≈≈≈≈≈≈≈≈≈≈≈..##.##.####....
.≈≈≈≈≈≈≈≈≈≈≈≈≈≈≈.........##....
.≈≈≈≈≈≈...≈≈≈≈≈≈.........##....
o≈≈≈≈≈≈.>.≈≈≈≈≈≈.........##....
Z≈≈≈≈≈≈...≈≈≈≈≈≈.........##....
....≈≈≈≈≈≈≈≈≈≈≈≈≈................
......≈≈≈≈≈≈≈≈≈.oo.>.......##.###
........≈≈≈≈≈...@................
...................##.####..#..##
....##.#........#####.# #......##
....##..........## #.# #...##...
.................####.# #.#.#####
#..................###.#.#....
#......................#.#.###
#.................######.
#...................[.....


You could see 2 orc priests.

Vanquished Creatures
  A centaur skeleton (D:5)
  An orc priest (D:5)
  A howler monkey zombie (D:5)
  2 gnolls (D:3)
  2 adders
  An ufetubus (D:5)
  An adder skeleton (D:5)
  A dart slug (D:2)
  9 orcs
  4 ball pythons
  3 bats
  2 endoplasms
  4 goblins
  6 hobgoblins
  3 jackals (D:2)
  2 kobolds (D:1)
  3 quokkas
  4 rats
50 creatures vanquished.

Vanquished Creatures (collateral kills)
  An ogre (D:4)
  A scorpion (D:4)
  A bullfrog zombie (D:5)
  2 jellies
  An orc priest (D:5)
  A hound skeleton (D:4)
  A howler monkey zombie (D:5)
  3 gnolls
  4 adders
  4 orcs
  4 bats
  2 hobgoblins (D:1)
  A kobold (D:3)
  2 quokkas
  A ball python (D:1)
  2 frilled lizards
  4 goblins
  2 rats
37 creatures vanquished.

Grand Total: 87 creatures vanquished

Notes
Turn   | Place    | Note
-------+----------+-------------------------------------------
     0 | D:1      | tilp the Barachi Summoner began the quest for the Orb.
     0 | D:1      | Reached XP level 1. HP: 13/13 MP: 3/3
   283 | D:1      | Reached skill level 1 in Fighting
   845 | D:1      | Reached XP level 2. HP: 22/22 MP: 0/5
  1196 | D:1      | Learned a level 2 spell: Call Imp
  1378 | D:1      | Reached skill level 5 in Summonings
  1963 | D:1      | Reached XP level 3. HP: 23/27 MP: 6/6
  2686 | D:2      | Found a shimmering altar of Xom.
  3097 | D:3      | Found a blossoming altar of Fedhas.
  3160 | D:3      | Reached XP level 4. HP: 33/33 MP: 3/8
  3434 | D:3      | Found a bloodstained altar of Trog.
  3468 | D:3      | Reached skill level 6 in Summonings
  3583 | D:3      | Learned a level 3 spell: Call Canine Familiar
  4592 | D:4      | Reached XP level 5. HP: 31/39 MP: 2/9
  5144 | D:4      | Noticed an ogre
  5159 | D:4      | Killed an ogre
  5160 | D:4      | Reached XP level 6. HP: 17/47 MP: 2/10
  5695 | D:5      | Entered Level 5 of the Dungeon
  6047 | D:5      | Found a staircase to the Ecumenical Temple.
  6060 | Temple   | Entered the Ecumenical Temple
  6067 | Temple   | Became a worshipper of Warmaster Okawaru
  6797 | D:5      | Noticed an ice beast
  6898 | D:5      | Slain by an orc priest

Illustrated notes

Levels and vault maps discovered:
D:1:      dpeg_arrival_rooms_c, layout_loops_cross
D:2:      layout_basic, basic_altar
D:3:      layout_loops_ring, amcnicky_altar_gilded, lemuel_round_altar
D:4:      layout_loops_ring
D:5:      layout_basic, yredelemnul_altar_generic, temple_pool_b
Temple:   nicolae_temple_no_exploring_needed

Skill      XL: |  1  2  3  4  5  6 |
---------------+-------------------+-----
Fighting       | 1 2 3 4 |  4.0
Summonings     | 5 6 |  6.0
Spellcasting   | 3 |  3.0
Stealth        | 2 3 |  3.4
Dodging        | 3 4 |  4.0

Action                   |  1- 3 |  4- 6 || total
-------------------------+-------+-------++-------
Melee: Dagger            |   145 |   103 ||   248
       Unarmed           |     5 |       ||     5
       Flail             |       |    12 ||    12
 Cast: Summon Small Mamm |    31 |     1 ||    32
       Call Imp          |    13 |    28 ||    41
       Call Canine Famil |       |    16 ||    16
 Abil: Hop               |       |     3 ||     3
  Use: Scroll            |     4 |     1 ||     5
 Stab: Sleeping          |     2 |     3 ||     5
       Distracted        |       |     1 ||     1
Armor: Robe              |    44 |    28 ||    72
Dodge: Dodged            |   130 |   101 ||   231

Table legend: (Time is in decaauts)
 A = Elapsed time spent in this place.
 B = Non-inter-level travel time spent in this place.
 C = Inter-level travel time spent in this place.
 D = Time resting spent in this place.
 E = Time spent auto-exploring this place.
 F = Levels seen in this place.
 G = Mean time per level.
                   A        B        C        D        E       F      G
               +--------+--------+--------+--------+--------+-----+--------+
         Total |   7385 |   7166 |    219 |   2187 |   4041 |   6 | 1230.8 |
       Dungeon |   7130 |   6918 |    212 |   1958 |   4041 |   5 | 1426.0 |
        Temple |    254 |    247 |      7 |    229 |      0 |   1 |  254.0 |
               +--------+--------+--------+--------+--------+-----+--------+

Top non-repeatable levels by time:
     D:1: 2272 daAuts
     D:3: 1650 daAuts
     D:4: 1547 daAuts
     D:2: 912 daAuts
     D:5: 748 daAuts
  Temple: 254 daAuts
